 Dungeon Crawl Stone Soup version 0.30-a0-279-g4b46babb21 (webtiles) character file.

Game seed: 5499176141096675021

19 lunkers the Conjurer (level 3, -7/26 HPs)
             Began as a Meteoran Wanderer on Oct 16, 2022.
             Killed by nerve-wracking pain
             ... invoked by a shadow imp
             ... summoned by Natasha
              (11 damage)
             ... on level 2 of the Dungeon.
             The game lasted 00:01:03 (337 turns).

lunkers the Conjurer (Meteoran Wanderer)             Turns: 337, Time: 00:01:03

Health: -7/26      AC:  3    Str: 11    XL:     3   Next: 11%
Magic:  0/8        EV: 11    Int: 17    God:
Gold:   13         SH:  0    Dex: 14    Spells: 6/8 levels left

rFire   . . .      SeeInvis .    a - +0 dagger
rCold   . . .      Faith    .    (no shield)
rNeg    . . .      Spirit   .    c - +0 robe
rPois   .          Reflect  .    (no helmet)
rElec   .          Harm     .    d - +0 cloak
rCorr   .          Rampage  .    (no gloves)
Will    .....                    (no boots)
Stlth   +.........               (no amulet)
HPRegen 0.24/turn                (no ring)
MPRegen 0.11/turn                (no ring)

@: very slightly contaminated, glowing
A: sense surroundings 1, otherworldly, glowing, explore regen
a: no special abilities


You were on level 2 of the Dungeon.
You visited 1 branch of the dungeon, and saw 2 of its levels.

You collected 13 gold pieces.

Inventory:

Hand Weapons
 a - a +0 dagger (weapon)
Armour
 c - a +0 robe (worn)
 d - a +0 cloak (worn)
Potions
 b - a potion of might
 e - 2 potions of curing {unknown}


   Skills:
 - Level 2.1 Stealth
 + Level 3.1 Spellcasting
 - Level 4.8 Conjurations
 * Level 2.3 Earth Magic
 - Level 1.2 Evocations


You had 6 spell levels left.
You knew the following spells:

 Your Spells              Type           Power      Damage    Failure   Level
a - Sandblast             Erth           20%        2d7       7%          1
p - Kiss of Death         Conj/Necr      40%        2d8       6%          1

Your spell library contained the following spells:

 Spells                   Type           Power      Damage    Failure   Level
 Searing Ray              Conj           38%        2d5       3%          2
 Momentum Strike          Conj/Tloc      20%        3d8       10%         2
 Stone Arrow              Conj/Erth      28%        3d8       12%         3
 Hailstorm                Conj/Ice       10%        3d5       19%         3
 Ice Form                 Ice/Tmut       2%         N/A       86%         4
 Simulacrum               Ice/Necr       1%         N/A       100%        6


Dungeon Overview and Level Annotations

Branches:
Dungeon (2/15) Zot: 844

Altars:

Annotations:
D:2 Natasha


Innate Abilities, Weirdness & Mutations

You passively map a small area around you.
You are easily found by Zot.
You glow in the dark.
You regain HP and MP as you explore.


Message History

Casting: Sandblast (safe; 7% risk of failure)
Confirm with . or Enter, or press ? or * to list all spells.
The blast of sand misses Natasha.
The adder hisses angrily.
Natasha mumbles some strange words.
A ball python comes into view.
Natasha claws you.
* * * LOW HITPOINT WARNING * * *
The ball python moves out of view.
Casting: Sandblast (safe; 7% risk of failure)
Confirm with . or Enter, or press ? or * to list all spells.
Aiming: Sandblast (safe; 7% risk of failure)
Press: ? - help, Shift-Dir - straight line, f/p - Natasha
Aim: Natasha (severely wounded, 77% to hit)
You miscast Sandblast.
You are very lightly contaminated with residual magic.
Nothing appears to happen.
* * * LOW MAGIC WARNING * * *
Natasha claws you.
* * * LOW HITPOINT WARNING * * *
The shadow imp hits you but does no damage.
Unknown command.
Unknown command.
Casting: Sandblast (safe; 7% risk of failure)
Confirm with . or Enter, or press ? or * to list all spells.
Aiming: Sandblast (safe; 7% risk of failure)
Press: ? - help, Shift-Dir - straight line, f/p - Natasha
Aim: Natasha (severely wounded, 77% to hit)
The blast of sand hits Natasha.
Natasha is almost dead.
* * * LOW MAGIC WARNING * * *
The iron imp closely misses you.
Natasha mumbles some strange words.
Natasha glows brightly for a moment.
Natasha casts a spell at you. The magic dart hits you.
* * * LOW HITPOINT WARNING * * *
The shadow imp gestures at you. Pain shoots through your body!
You die...

.# .#
, .# *
.# *
##.###
#....#
*
#....#
#.†..#
#@5S.#
#h5..#
##.###
S# , *
* .# *
, ..
** * *
.( ,
...


You could see an iron imp (summoned), Natasha, an adder, a shadow imp (summoned)
and a ball python.

Vanquished Creatures
  A dart slug (D:1)
  A bat (D:1)
  An endoplasm (D:1)
  2 giant cockroaches (D:1)
  2 goblins (D:1)
  A hobgoblin (D:1)
  A kobold (D:1)
  A quokka (D:1)
  3 ball pythons (D:1)
  A frilled lizard (D:1)
  A rat (D:2)
15 creatures vanquished.

Notes
Turn   | Place    | Note
-------+----------+-------------------------------------------
     0 | D:1      | lunkers the Meteoran Wanderer began the quest for the Orb.
     0 | D:1      | lunkers set off with the following items: a +0 dagger, a
                  | potion of might, a +0 robe, a +0 cloak; and the following
                  | spells available to memorise: Searing Ray, Kiss of Death,
                  | Momentum Strike, Sandblast, Stone Arrow.
     0 | D:1      | Reached XP level 1. HP: 14/14 MP: 5/5
     2 | D:1      | Learned a level 1 spell: Sandblast
    76 | D:1      | Reached skill level 1 in Earth Magic
    78 | D:1      | Learned a level 1 spell: Kiss of Death
   105 | D:1      | Reached XP level 2. HP: 20/20 MP: 3/6
   280 | D:1      | Reached XP level 3. HP: 26/26 MP: 4/8
   327 | D:2      | Noticed Natasha
   337 | D:2      | Killed from afar by a shadow imp

Illustrated notes

Levels and vault maps discovered:
D:1:      psy_arrival_whirlpool, layout_basic
D:2:      layout_basic, grunt_ministairs_10, uniq_natasha

Skill      XL: |  1  2 |
---------------+-------+-----
Earth Magic    | 1 2 |  2.3
Spellcasting   | 3 |  3.1
Stealth        | |  2.1
Conjurations   | |  4.8
Evocations     | |  1.2

Action                   || total
-------------------------++-------
 Cast: Sandblast         ||    33
Armor: Robe              ||     4
Dodge: Dodged            ||     4

Table legend: (Time is in decaauts)
 A = Elapsed time spent in this place.
 B = Non-inter-level travel time spent in this place.
 C = Inter-level travel time spent in this place.
 D = Time resting spent in this place.
 E = Time spent auto-exploring this place.
 F = Levels seen in this place.
 G = Mean time per level.
                   A        B        C        D        E       F      G
               +--------+--------+--------+--------+--------+-----+--------+
         Total |    353 |    323 |     30 |      0 |    240 |   2 |  176.5 |
       Dungeon |    353 |    323 |     30 |      0 |    240 |   2 |  176.5 |
               +--------+--------+--------+--------+--------+-----+--------+

Top non-repeatable levels by time:
     D:1: 341 daAuts
     D:2: 12 daAuts
